 Dungeon Sprint DCSS version 0.31-a0-986-g5e6e4ef867 (webtiles) character file.

Game seed: 4627708406726845456

278 rocky1 the Geomancer (level 8, 0/52 HPs)
             Began as a Gargoyle Earth Elementalist on Nov 20, 2023.
             Was an Initiate of Gozag.
             Slain by the 27-headed Lernaean hydra (7 damage)
             ... in the Dungeon (Sprint VI: "Thunderdome").
             The game lasted 00:07:56 (593 turns).

rocky1 the Geomancer (Gargoyle Earth Elementalist)   Turns: 593, Time: 00:07:56

Health: 0/52       AC: 10    Str: 12    XL:     8   Next: 42%
Magic:  17/27      EV: 15    Int: 31    God:    Gozag
Gold:   592        SH:  0    Dex: 17    Spells: 9/21 levels left

rFire   + . .        m - +0 flail
rCold   + . .        (no shield)
rNeg    + + .        a - +0 robe
rPois   ∞            j - +1 hat "Asanemyl" {Regen+ Dex+4}
rElec   +            i - +0 cloak of Vehumet {rN+ Will+ rCorr}
rCorr   +            (no gloves)
SInv    .            (no boots)
Will    ++...        o - amulet "Tinud" {RegenMP Int+3 Dex+3}
Stlth   +++          B - ring of Anusafoh {rF+ rC+ Int+3}
HPRegen 1.08/turn    q - ring "Zoanioff" {Will+ MP+9 Int+7}
MPRegen 0.60/turn

%: no teleportation
@: no status effects
A: sickness immunity, AC +5, negative energy resistance 1, electricity
resistance, torment resistance 1, petrification resistance
a: Renounce Religion, Potion Petition, Call Merchant, Bribe Branch


You were in the Dungeon.
You worshipped Gozag.
Gozag was pleased with you.
You visited 1 branch You collected 2004 gold pieces.
You spent 1412 gold pieces at shops.

Inventory:

Hand Weapons
 m - a +0 flail (weapon)
Armour
 a - a +0 robe (worn)
 i - the +0 cloak of Vehumet (worn) {rN+ Will+ rCorr}
   (You bought it in a shop in the Dungeon)

   rN+:       It protects you from negative energy.
   Will+:     It increases your willpower.
   rCorr:     It protects you from acid and corrosion.
 j - the +1 hat "Asanemyl" (worn) {Regen+ Dex+4}
   (You bought it in a shop in the Dungeon)

   Dex+4:     It affects your dexterity (+4).
   Regen+:    It increases your rate of health regeneration.
 l - a +0 leather armour
Jewellery
 n - the ring of Taxtue Cihu {rC+ Int+4 Dex+2}
   (You bought it in a shop in the Dungeon)

   [ring of protection from cold]

   Int+4:     It affects your intelligence (+4).
   Dex+2:     It affects your dexterity (+2).
   rC+:       It protects you from cold.
 o - the amulet "Tinud" (around neck) {RegenMP Int+3 Dex+3}
   (You bought it in a shop in the Dungeon)

   [amulet of magic regeneration]

   RegenMP:   It increases your rate of magic regeneration.
   Int+3:     It affects your intelligence (+3).
   Dex+3:     It affects your dexterity (+3).
 q - the ring "Zoanioff" (right hand) {Will+ MP+9 Int+7}
   (You bought it in a shop in the Dungeon)

   [ring of willpower]

   Int+7:     It affects your intelligence (+7).
   Will+:     It increases your willpower.
   MP+9:      It affects your magic capacity (+9).
 y - the ring "Riconla" {Fire rPois rN++}
   (You bought it in a shop in the Dungeon)

   [ring of fire]

   Fire:      It enhances your fire magic.
   rF+:       It protects you from fire.
   rC-:       It makes you vulnerable to cold.
   rPois:     It protects you from poison rN++: It greatly protects you from
   negative energy.
 z - the ring "Muahis" {rC+ Will+ Dex+3}
   (You bought it in a shop in the Dungeon)

   [ring of willpower]

   Dex+3:     It affects your dexterity (+3).
   rC+:       It protects you from cold.
   Will+:     It increases your willpower.
 B - the ring of Anusafoh (left hand) {rF+ rC+ Int+3}
   (You bought it in a shop in the Dungeon)

   [ring of protection from cold]

   Int+3:     It affects your intelligence (+3).
   rF+:       It protects you from fire.
   rC+:       It protects you from cold.
Scrolls
 g - 3 scrolls of blinking
 k - 3 scrolls of fog
Potions
 b - a potion of magic
 c - a potion of curing
 d - 4 potions of heal wounds
 e - 4 potions of haste
 f - a potion of berserk rage
 h - a potion of resistance


   Skills:
 * Level 6.4 Fighting
 * Level 6.2 Armour
 * Level 5.6 Dodging
 - Level 3.4 Stealth
 + Level 7.1 Spellcasting
 * Level 6.7 Conjurations
 + Level 1.9 Transmutations
 + Level 12.9 Earth Magic
 - Level 0.3 Evocations


You had 9 spell levels left.
You knew the following spells:

 Your Spells              Type           Power      Damage    Failure   Level
a - Sandblast             Erth           100%       2d20      1%          1
b - Stone Arrow           Conj/Erth      100%       3d13      1%          3
c - Petrify               Tmut/Erth      55%        N/A       1%          4
d - Brom's Barrelling Bo  Conj/Erth      64%        2d8       1%          4

Your spell library contained the following spells:

 Spells                   Type           Power      Damage    Failure   Level
 Passwall                 Tmut/Erth      45%        N/A       1%          2


Dungeon Overview and Level Annotations

Branches:
Dungeon (1/1)

Altars:
Cheibriados
Dithmenos
Fedhas
Gozag
Kikubaaqudgha
Makhleb
Okawaru
Qazlal
Ru
Sif Muna
Trog
Uskayaw
Vehumet
Wu Jian
Xom
Yredelemnul
Zin
The Shining One
Lugonu

Shops:
D [=??*?*:[((!!!!

Annotations:
D Lernaean hydra


Innate Abilities, Weirdness & Mutations

You are immune to sickness and miasma.
Your stone body is resilient. (AC +5)
You are immune to poison.
You resist negative energy. (rN+)
You are resistant to electric shocks. (rElec)
You are resistant to unholy torment.
You are immune to petrification.


Message History

The 27-headed Lernaean hydra roars deafeningly!
Aiming: Stone Arrow (safe; 1% risk of failure)
Press: ? - help, Q - select action, (/) - cycle Shift-Dir - straight line, f - you
Okay, then.
Aiming: Stone Arrow (safe; 1% risk of failure)
Press: ? - help, Q - select action, (/) - cycle Shift-Dir - straight line, f - 27-headed Lernaean hydra
Aim: the 27-headed Lernaean hydra (92% to hit)
The stone arrow hits the 27-headed Lernaean hydra!
The 27-headed Lernaean hydra is lightly wounded.
Aiming: Stone Arrow (safe; 1% risk of failure)
Press: ? - help, Q - select action, (/) - cycle Shift-Dir - straight line, f/p - 27-headed Lernaean hydra
Aim: the 27-headed Lernaean hydra (lightly wounded, 92% to hit)
The stone arrow hits the 27-headed Lernaean hydra!!
The 27-headed Lernaean hydra is lightly wounded.
Aiming: Stone Arrow (safe; 1% risk of failure)
Press: ? - help, Q - select action, (/) - cycle Shift-Dir - straight line, f/p - 27-headed Lernaean hydra
Aim: the 27-headed Lernaean hydra (lightly wounded, 92% to hit)
The stone arrow hits the 27-headed Lernaean hydra!
The 27-headed Lernaean hydra is moderately wounded.
Aiming: Stone Arrow (safe; 1% risk of failure)
Press: ? - help, Q - select action, (/) - cycle Shift-Dir - straight line, f/p - 27-headed Lernaean hydra
Aim: the 27-headed Lernaean hydra (moderately wounded, 92% to hit)
The stone arrow hits the 27-headed Lernaean hydra!!
The 27-headed Lernaean hydra is heavily wounded.
The 27-headed Lernaean hydra closely misses you.
The 27-headed Lernaean hydra bites you.
The 27-headed Lernaean hydra closely misses you. x2
The 27-headed Lernaean hydra bites you!
The 27-headed Lernaean hydra barely misses you.
The 27-headed Lernaean hydra bites you.
The 27-headed Lernaean hydra bites you but does no damage. x2
The 27-headed Lernaean hydra barely misses you.
The 27-headed Lernaean hydra bites you! x2
The 27-headed Lernaean hydra bites you.
* * * LOW HITPOINT WARNING * * *
The 27-headed Lernaean hydra bites you.
* * * LOW HITPOINT WARNING * * *
The 27-headed Lernaean hydra bites you!
You die...
Your body crumbles into a pile of gold.

#_......._# #_..[...._#
###...).....###
#⌠....(...)..⌠#
######.8..[).....8.####
##∩___......###....)..._
###"....=.).8.# #.8.(.....
##.........D...###.........
#⌠........@.###...###......
#⌠..........# #.<.# #......
#⌠.......[..###...###......
##.............###.........
###∩........8.# #.8.......
##∩___......###......___
######.8.).......8.####
#⌠....)......⌠#
###.........###


You could see the 27-headed Lernaean hydra.

Vanquished Creatures
  A naga mage (D)
  Grum (D)
  A naga (D)
  A water moccasin (D)
  A hell hound (D)
  3 wolves (D)
  Blork the orc (D)
  A hound (D)
  2 adders (D)
  4 orcs (D)
  A ball python (D)
  2 goblins (D)
  A hobgoblin (D)
  3 kobolds (D)
23 creatures vanquished.

Vanquished Creatures (collateral kills)
  A boulder (D)
1 creature vanquished.

Vanquished Creatures (others)
  A boulder (D)
1 creature vanquished.

Grand Total: 25 creatures vanquished

Notes
Turn   | Place    | Note
-------+----------+-------------------------------------------
     0 | D        | rocky1 the Gargoyle Earth Elementalist began the quest for
                  | the Orb.
     0 | D        | Reached XP level 1. HP: 10/10 MP: 3/3
     3 | D        | Found a radiant altar of Vehumet.
     3 | D        | Found a snail-covered altar of Cheibriados.
     4 | D        | Found an ornate altar of the Wu Jian Council.
     4 | D        | Found a blossoming altar of Fedhas.
     5 | D        | Found an iron altar of Okawaru.
     5 | D        | Round 1.
     6 | D        | Found a stormy altar of Qazlal.
     6 | D        | Found a hide-covered altar of Uskayaw.
     6 | D        | Found Gusupn's Weapon Rack.
     6 | D        | Found Kollo's Premium Goods.
     7 | D        | Found Tybud Tim's Basic Armour.
     7 | D        | Found Irichen's Miscellaneous Merchandise.
     9 | D        | Found an ancient bone altar of Kikubaaqudgha.
    10 | D        | Found a shadowy altar of Dithmenos.
    11 | D        | Found a shimmering altar of Xom.
    12 | D        | Found Giall's Identification Station.
    12 | D        | Found a basalt altar of Yredelemnul.
    12 | D        | Found a glowing silver altar of Zin.
    12 | D        | Found a bloodstained altar of Trog.
    12 | D        | Found Fadiar's Timeless Talismans.
    13 | D        | Found Kihonefe's Advanced Armour.
    13 | D        | Found Arupnit's Jewellery.
    16 | D        | Found an opulent altar of Gozag.
    17 | D        | Found a sacrificial altar of Ru.
    19 | D        | Found Puij Ukhle's Magic Scroll Shop.
    19 | D        | Noticed Blork the orc
    20 | D        | Found Ulemniuc's Magic Scroll Shop.
    20 | D        | Found Sobluc's Must-Have Magic.
    24 | D        | Killed Blork the orc
    25 | D        | Reached skill level 1 in Transmutations
    25 | D        | Reached skill level 7 in Earth Magic
    25 | D        | Reached XP level 2. HP: 11/15 MP: 2/6
    25 | D        | Reached XP level 3. HP: 13/19 MP: 2/8
    25 | D        | Reached XP level 4. HP: 17/24 MP: 2/9
    27 | D        | Became a worshipper of Gozag Ym Sagoz the Greedy
    28 | D        | Found a corrupted altar of Lugonu.
    28 | D        | Found a shimmering blue altar of Sif Muna.
    28 | D        | Found a glowing golden altar of the Shining One.
    28 | D        | Found Vioxzaum's Staff Store.
    59 | D        | Learned a level 3 spell: Stone Arrow
    64 | D        | Learned a level 4 spell: Petrify
   110 | D        | Reached skill level 1 in Conjurations
   158 | D        | Found a burning altar of Makhleb.
   160 | D        | Found Feas Ive's Distillery.
   161 | D        | Found Koitodd's Distillery.
   161 | D        | Found Boene's Bottled Wisdom.
   162 | D        | Found Biushroth's Do-It-Yourself Clinic.
   166 | D        | Arena points: 12 (+12) [x2]
   199 | D        | Round 2.
   260 | D        | Arena points: 54 (+42) [x3]
   261 | D        | Reached skill level 8 in Earth Magic
   326 | D        | Round 3.
   327 | D        | Noticed a naga mage
   335 | D        | Killed a naga mage
   336 | D        | Reached skill level 5 in Spellcasting
   336 | D        | Reached skill level 5 in Conjurations
   336 | D        | Reached skill level 10 in Earth Magic
   336 | D        | Reached XP level 5. HP: 34/34 MP: 8/13
   336 | D        | Reached XP level 6. HP: 39/39 MP: 8/14
   336 | D        | Noticed a naga
   344 | D        | Learned a level 4 spell: Brom's Barrelling Boulder
   349 | D        | Noticed a water moccasin
   352 | D        | Killed a water moccasin
   353 | D        | Reached skill level 5 in Fighting
   353 | D        | Reached skill level 11 in Earth Magic
   353 | D        | Reached XP level 7. HP: 44/44 MP: 8/15
   356 | D        | Killed a naga
   357 | D        | Reached skill level 5 in Armour
   384 | D        | Bought a bound steel ring for 45 gold pieces
   384 | D        | Identified the ring "Ruesm" {rPois Will+} (You bought it in
                  | a shop in the Dungeon)
   384 | D        | Bought a transparent turquoise ring for 45 gold pieces
   384 | D        | Identified the ring of Taxtue Cihu {rC+ Int+4 Dex+2} (You
                  | bought it in a shop in the Dungeon)
   384 | D        | Bought a warped brass amulet for 45 gold pieces
   384 | D        | Identified the amulet "Tinud" {RegenMP Int+3 Dex+3} (You
                  | bought it in a shop in the Dungeon)
   384 | D        | Bought a flickering iron ring for 45 gold pieces
   384 | D        | Identified the ring "Doty" {Fly Will+} (You bought it in a
                  | shop in the Dungeon)
   384 | D        | Bought a twitching golden ring for 45 gold pieces
   384 | D        | Identified the ring "Zoanioff" {Will+ MP+9 Int+7} (You
                  | bought it in a shop in the Dungeon)
   384 | D        | Bought a heavily runed crystal amulet for 45 gold pieces
   384 | D        | Identified the amulet of Kindness {Faith Rampage rPois
                  | Will+ Str+4} (You bought it in a shop in the Dungeon)
   384 | D        | Bought a brightly glowing amethyst amulet for 45 gold
                  | pieces
   384 | D        | Identified the amulet of Devotion {Reflect -Tele Harm Fly
                  | SH+5} (You bought it in a shop in the Dungeon)
   384 | D        | Bought a fine iron ring for 45 gold pieces
   384 | D        | Identified the ring "Vepp" {rPois Will+ Int+3} (You bought
                  | it in a shop in the Dungeon)
   384 | D        | Bought a coiled copper amulet for 45 gold pieces
   384 | D        | Identified the amulet of Geytex {rF- Regen+ rCorr Dex+3}
                  | (You bought it in a shop in the Dungeon)
   384 | D        | Bought a coiled pewter amulet for 45 gold pieces
   384 | D        | Identified the amulet "Guorph" {Faith rElec Int+3} (You
                  | bought it in a shop in the Dungeon)
   384 | D        | Bought a brightly glowing crystal amulet for 45 gold pieces
   384 | D        | Identified the amulet of the Harvest {Acrobat Str+2} (You
                  | bought it in a shop in the Dungeon)
   384 | D        | Bought a brightly glowing lapis lazuli ring for 45 gold
                  | pieces
   384 | D        | Identified the ring "Riovas" {Fly rPois Str+2} (You bought
                  | it in a shop in the Dungeon)
   384 | D        | Bought a heavily runed lead ring for 45 gold pieces
   384 | D        | Identified the ring "Riconla" {Fire rPois rN++} (You bought
                  | it in a shop in the Dungeon)
   384 | D        | Bought a slimy turquoise ring for 45 gold pieces
   384 | D        | Identified the ring "Muahis" {rC+ Will+ Dex+3} (You bought
                  | it in a shop in the Dungeon)
   384 | D        | Bought a slimy iron ring for 45 gold pieces
   384 | D        | Identified the ring "Goreil Peir" {*Corrode Str+6 Dex+5}
                  | (You bought it in a shop in the Dungeon)
   384 | D        | Bought a flickering golden ring for 45 gold pieces
   384 | D        | Identified the ring of Anusafoh {rF+ rC+ Int+3} (You bought
                  | it in a shop in the Dungeon)
   384 | D        | Bought a translucent amethyst amulet for 45 gold pieces
   384 | D        | Identified the amulet of Anoteic {Faith rF+ Int+5} (You
                  | bought it in a shop in the Dungeon)
   405 | D        | Reached skill level 5 in Dodging
   425 | D        | Arena points: 138 (+84) [x4]
   495 | D        | Round 4.
   499 | D        | Reached skill level 12 in Earth Magic
   499 | D        | Noticed Grum
   506 | D        | Killed Grum
   507 | D        | Reached XP level 8. HP: 51/51 MP: 5/18
   514 | D        | Arena points: 278 (+140) [x5]
   568 | D        | Bought a brightly glowing cloak for 332 gold pieces
   568 | D        | Identified the +0 cloak of Vehumet {rN+ Will+ rCorr} (You
                  | bought it in a shop in the Dungeon)
   568 | D        | Bought a bloodstained hat for 315 gold pieces
   568 | D        | Identified the +1 hat "Asanemyl" {Regen+ Dex+4} (You bought
                  | it in a shop in the Dungeon)
   571 | D        | Round 5.
   586 | D        | Noticed the 27-headed Lernaean hydra
   593 | D        | Slain by the 27-headed Lernaean hydra

Illustrated notes

Levels and vault maps discovered:
D:        arena_sprint

Skill      XL: |  1  2  3  4  5  6  7  8 |
---------------+-------------------------+-----
Dodging        | 2 4 5 |  5.6
Stealth        | 3 |  3.4
Spellcasting   | 3 5 6 7 |  7.1
Transmutations | 1 |  1.9
Earth Magic    | 7 10 11 12 | 12.9
Conjurations   | 5 6 |  6.7
Fighting       | 4 5 6 |  6.4
Armour         | 4 5 6 |  6.2
Evocations     | |  0.3

Action                     |  1- 3 |  4- 6 |  7- 9 || total
---------------------------+-------+-------+-------++-------
   Cast: Sandblast         |     1 |    12 |     1 ||    14
         Stone Arrow       |       |     2 |    21 ||    23
         Brom's Barrelling |       |     2 |       ||     2
  Evoke: Wand              |     2 |     5 |     3 ||    10
    Use: Potion            |       |     1 |     1 ||     2
         Scroll            |       |       |     1 ||     1
 Armour: Robe              |     1 |     5 |    13 ||    19
  Dodge: Dodged            |       |     5 |    11 ||    16

Table legend: (Time is in decaauts)
 A = Elapsed time spent in this place.
 B = Non-inter-level travel time spent in this place.
 C = Inter-level travel time spent in this place.
 D = Time resting spent in this place.
 E = Time spent auto-exploring this place.
 F = Levels seen in this place.
 G = Mean time per level.
                   A        B        C        D        E       F      G
               +--------+--------+--------+--------+--------+-----+--------+
         Total |    598 |    598 |      0 |    155 |      0 |   1 |  598.0 |
       Dungeon |    598 |    598 |      0 |    155 |      0 |   1 |  598.0 |
               +--------+--------+--------+--------+--------+-----+--------+

Top non-repeatable levels by time:
       D: 598 daAuts
